 Dungeon Crawl Stone Soup version 0.29.0-15-g675c0067aa (webtiles) character file.

Game seed: 6526222946052086335

426956 Flure the Ninja (level 24, -3/256 HPs)
             Began as a Kobold Brigand on Sept 11, 2022.
             Was the Champion of Dithmenos.
             Slain by Vv (8 damage)
             ... on level 2 of the Depths.
             The game lasted 02:09:56 (51625 turns).

Flure the Ninja (Kobold Brigand)                   Turns: 51625, Time: 02:09:56

Health: -3/256     AC: 15    Str: 13    XL:     24   Next: 99%
Magic:  30/30      EV: 32    Int: 13    God:    Dithmenos [******]
Gold:   3371       SH: 11    Dex: 26    Spells: 31/33 levels left

rFire   + . .      SeeInvis +   i - +8 rapier (elec)
rCold   + . .      Faith    .   k - +2 buckler {AC+3}
rNeg    + . .      Spirit   .   V - +3 leather armour {rF+}
rPois   .          Reflect  .   W - +2 hat "Faczeuth" {SInv Stlth+}
rElec   .          Harm     .   O - scarf {+Inv}
rCorr   .          Rampage  .   M - +2 pair of gloves {Stlth+}
Will    +....                   x - +0 pair of boots
Stlth   ..........              b - amulet of regeneration
HPRegen 1.32/turn               I - +4 ring of slaying
MPRegen 0.22/turn               J - ring "Ciuneoc" {rC+ rN+ Str+4 Stlth+}

@: berserking (expiring), frozen, wreathed by umbra, studying 2 skills, quick
A: small, no large weapons, nightstalker 3
}: 2/15 runes: decaying, gossamer
a: Renounce Religion, Evoke Invisibility, Shadow Step, Shadow Form


You were on level 2 of the Depths.
You worshipped Dithmenos.
Dithmenos was exalted by your worship.
You visited 9 branches of the dungeon, and saw 39 of its levels.
You visited the Abyss 1 time.
You also visited: Sewer and Ice Cave.

You collected 4473 gold pieces.
You spent 1102 gold pieces at shops.

Inventory:

Hand Weapons
 f - a +9 short sword of flaming
 i - a +8 rapier of electrocution (weapon)
Missiles
 a - 15 boomerangs (quivered)
 e - 13 curare-tipped darts
 r - 6 poisoned darts
 s - a throwing net
 y - 6 atropa-tipped darts
 Q - 4 datura-tipped darts
 T - 5 boomerangs of dispersal
Armour
 k - a +2 buckler of protection (worn)
 x - a +0 pair of boots (worn)
 M - a +2 pair of gloves of stealth (worn)
 O - a scarf of invisibility (worn)
 V - a +3 leather armour of fire resistance (worn)
 W - the +2 hat "Faczeuth" (worn) {SInv Stlth+}
   (You found it on level 1 of the Spider Nest)

   SInv:      It lets you see invisible.
   Stlth:     It makes you more stealthy.
Jewellery
 b - an amulet of regeneration (around neck)
 m - the ring "Ulliacw" {Ice *Corrode rN+ Int+4}
   (You found it on level 1 of the Orcish Mines)

   [ring of ice]

   It enhances your ice magic.
   Int:       It affects your intelligence (+4).
   rF:        It makes you vulnerable to fire.
   rC:        It protects you from cold.
   rN:        It protects you from negative energy.
   *Corrode:  It may corrode you when you take damage.
 v - a ring of poison resistance
 F - a ring of positive energy
 I - a +4 ring of slaying (left hand)
 J - the ring "Ciuneoc" (right hand) {rC+ rN+ Str+4 Stlth+}
   (You took it off a tengu reaver on level 1 of the Depths)

   [ring of protection from cold]

   Str:       It affects your strength (+4).
   rC:        It protects you from cold.
   rN:        It protects you from negative energy.
   Stlth:     It makes you more stealthy.
 N - a ring of willpower
 P - a ring of protection from fire
Wands
 h - a wand of iceblast (19)
 q - a wand of light (8)
 C - a wand of charming (22)
 H - a wand of flame (45)
 Y - a wand of polymorph (22)
Scrolls
 d - 3 scrolls of enchant armour
 g - 4 scrolls of summoning
 j - 8 scrolls of teleportation
 p - 3 scrolls of fear
 u - 6 scrolls of fog
 D - 6 scrolls of blinking
 X - 3 scrolls of silence
Potions
 n - 7 potions of haste
 o - 2 potions of cancellation
 t - 3 potions of heal wounds
 z - 5 potions of ambrosia
 A - 11 potions of curing
 E - 2 potions of resistance
 G - a potion of berserk rage
 K - 7 potions of might
 L - 6 potions of magic
 R - 3 potions of flight
 S - 4 potions of mutation
 U - 4 potions of invisibility
Miscellaneous
 c - a condenser vane
 l - a box of beasts
 B - a lightning rod (4/4)
 Z - a phial of floods


   Skills:
 * Level 23.2 Fighting
 - Level 14.0 Short Blades
 - Level 3.0 Throwing
 + Level 18.4 Dodging
 O Level 27 Stealth
 + Level 8.1 Shields
 - Level 5.0 Spellcasting
 - Level 6.0 Transmutations
 - Level 10.0 Earth Magic
 - Level 7.0 Invocations
 + Level 21.3 Evocations


You had 31 spell levels left.
You knew the following spells:

 Your Spells              Type           Power      Damage    Failure   Level
a - Passwall              Tmut/Erth      20%        N/A       1%          2

Your spell library contained the following spells:

 Spells                   Type           Power      Damage    Failure   Level
 Stone Arrow              Conj/Erth      32%        3d9       13%         3
 Foxfire                  Conj/Fire      12%        2x1d4     32%         1
 Freeze                   Ice            12%        1d4       32%         1
 Magic Dart               Conj           12%        1d3       32%         1
 Slow                     Hex            12%        N/A       32%         1
 Animate Armour           Summ/Erth      32%        N/A       38%         4
 Ignite Poison            Fire/Tmut/Pois 8%         N/A       41%         3
 Blink                    Tloc           6%         N/A       45%         2
 Ensorcelled Hibernation  Hex/Ice        6%         N/A       45%         2
 Poisonous Vapours        Pois/Air       6%         N/A       45%         2
 Searing Ray              Conj           6%         2d4       45%         2
 Static Discharge         Conj/Air       3%         3-4/arc   45%         2
 Blade Hands              Tmut           9%         N/A       61%         5
 Confusing Touch          Hex            3%         N/A       69%         3
 Conjure Flame            Conj/Fire      3%         6-21      69%         3
 Dazzling Flash           Conj/Hex       6%         N/A       69%         3
 Frozen Ramparts          Ice            6%         1d1       69%         3
 Gell's Gravitas          Tloc           3%         N/A       69%         3
 Inner Flame              Hex/Fire       3%         N/A       69%         3
 Lesser Beckoning         Tloc           3%         N/A       69%         3
 Portal Projectile        Hex/Tloc       6%         N/A       69%         3
 Swiftness                Air            3%         N/A       69%         3
 Teleport Other           Tloc           3%         N/A       69%         3
 Tukima's Dance           Hex            3%         N/A       69%         3
 Vampiric Draining        Necr           3%         2d6       69%         3
 Yara's Violent Unravell  Hex/Tmut       5%         3d4       95%         5
 Anguish                  Hex/Necr       1%         N/A       97%         4
 Corpse Rot               Necr/Pois/Air  3%         N/A       97%         4
 Dispel Undead            Necr           3%         3d7       97%         4
 Flame Wave               Conj/Fire      3%         2d5       97%         4
 Fulminant Prism          Conj/Hex       1%         3d6       97%         4
 Hailstorm                Conj/Ice       3%         3d3       97%         4
 Iskenderun's Mystic Bla  Conj/Tloc      3%         2d3       97%         4
 Passage of Golubria      Tloc           3%         N/A       97%         4
 Sticky Flame             Conj/Fire      3%         2d3       97%         4
 Summon Ice Beast         Ice/Summ       3%         N/A       97%         4
 Fireball                 Conj/Fire      1%         3d3       100%        5
 Lightning Bolt           Conj/Air       1%         1d12      100%        5
 Manifold Assault         Tloc           3%         N/A       100%        5
 Silence                  Hex/Air        1%         N/A       100%        5
 Summon Mana Viper        Hex/Summ       3%         N/A       100%        5
 Starburst                Conj/Fire      1%         6d3       100%        6
 Enfeeble                 Hex            1%         N/A       100%        7
 Monstrous Menagerie      Summ           1%         N/A       100%        7
 Borgnjor's Revivificati  Necr           1%         N/A       100%        8
 Ignition                 Fire           1%         3d3       100%        8
 Lehudib's Crystal Spear  Conj/Erth      8%         10d3      100%        8
 Maxwell's Capacitive Co  Air            1%         ∞         100%        8
 Necromutation            Tmut/Necr      5%         N/A       100%        8
 Death's Door             Necr           1%         N/A       100%        9


Dungeon Overview and Level Annotations

Branches:
Dungeon (15/15)            Temple (1/1) D:4            Lair (5/5) D:9
  Swamp (4/4) Lair:2       Spider (4/4) Lair:3        Slime (0/5) Lair:4
    Orc (2/2) D:9             Elf (2/3) Orc:2        Vaults (4/5) D:13
  Crypt (0/3) Vaults:2     Depths (2/4) D:15          Sewer (visited)
  IceCv (visited)

Altars:
Ashenzari
Cheibriados
Dithmenos
Elyvilon
Fedhas
Gozag
Hepliaklqana
Kikubaaqudgha
Makhleb
Nemelex Xobeh
Okawaru
Qazlal
Ru
Sif Muna
Trog
Uskayaw
Vehumet
Wu Jian
Xom
Yredelemnul
Zin
The Shining One
Lugonu

Shops:
D:6 [   Orc:2 *(:*   Elf:1 !

Portals:
Hell: Depths:1
Abyss: Lair:5 Depths:2
Pandemonium: Depths:2
Ziggurat: Depths:2
Trove: D:10 (give 2 scrolls of acquirement)

Annotations:
Spider:1 exclusion: orange crystal statue
Elf:1 3 runed translucent doors
Depths:2 exclusion: shining eye, Vv


Innate Abilities, Weirdness & Mutations

You are small and have problems with some larger weapons.
You are completely attuned to the shadows.


Message History

The fire dragon breathes flames at you. The blast of flame hits you!!
You resist. Vv hits you. Vv freezes you! You resist. Vv hits you!!
You are engulfed in flames!
You resist.
You hit Vv but do no damage.
Vv is heavily damaged.
You impale Vv!!
Vv is heavily damaged.
Your shadow barely misses Vv.
You puncture Vv!
Vv is heavily damaged.
Your shadow hits Vv with a rapier. The fire dragon completely misses you.
The fire dragon closely misses you. The fire dragon completely misses you.
Vv calls freezing cold from the walls.
The frost grips you!! You partially resist.
* * * LOW HITPOINT WARNING * * *
You are encased in ice.
You puncture Vv!
Vv is heavily damaged.
You hit Vv.
Vv is severely damaged.
You impale Vv!!
Vv is severely damaged.
Your shadow hits Vv but does no damage. The fire dragon bites you!
* * * LOW HITPOINT WARNING * * *
You block the fire dragon's attack. The fire dragon barely misses you.
Vv completely misses you. Vv hits you!
* * * LOW HITPOINT WARNING * * *
You are engulfed in flames!
You resist.
* * * LOW HITPOINT WARNING * * *
You puncture Vv!
Vv is severely damaged.
You hit Vv but do no damage.
Vv is severely damaged.
You block the fire dragon's attack.
The fire dragon completely misses you. x2
Vv hits you!
* * * LOW HITPOINT WARNING * * *
Vv freezes you!! You resist.
* * * LOW HITPOINT WARNING * * *
You emit a cloud of dark smoke.
Vv hits you!
You die...

##'#### #.# # #.....# #####.#
.##.....# .... #..<#.#
..#.....# #....# #.###.###
#.....[.# #....# #.#.......
##......#####....# #.#.#.####
#)......##.......###.#.#...
........''.....§§§...#.####.##
........##.....#@D...#.#.#....
........##....###9.......#..#
..<.....##.!.#####[#.#...#..#
.......)''........[......>..#
........##.............#..<.#
.....)..####.#....##.#.#..#.#
.....#+## #.#....##..........
######.# #.'.^..'.........###
..∩....#######....#######.###


You could see Vv and a fire dragon.

Vanquished Creatures
  A juggernaut (Depths:1)
  Saint Roka (Vaults:2)
  A caustic shrike (Depths:1)
  A golden dragon (Depths:1)
  Nikola (Spider:3)
  3 doom hounds (Depths:2)
  A tentacled monstrosity (Depths:2)
  Rupert (Lair:5)
  Zenata (Vaults:2)
  Grunn (Depths:2)
  3 liches
  Asterion (Elf:2)
  A deep elf blademaster (Elf:2)
  Gastronok (D:8)
  Frances (D:14)
  A shadow dragon (Depths:1)
  Kirke (Spider:1)
  5 sphinxes
  Donald (Spider:1)
  4 tengu reavers (Depths:1)
  3 storm dragons
  9 vault wardens
  2 fire giants
  An iron dragon (Depths:1)
  An orc warlord (Vaults:1)
  4 frost giants
  5 emperor scorpions
  Aizul (Swamp:2)
  2 deep elf sorcerers (Elf:1)
  5 spectral caustic shrikes (Depths:1)
  2 ghost moths (shapeshifter) (Depths:2)
  8 ghost moths
  A deep elf elementalist (Elf:2)
  A spriggan defender (Depths:1)
  10 very ugly things
  13 ironbound preservers
  5 broodmothers
  Azrael (Orc:2)
  6 stone giants
  A deep elf demonologist (Elf:1)
  11 dire elephants
  A vampire knight (Depths:1)
  7 ironbound thunderhulks
  5 eleionomae
  2 deep elf annihilators (Elf:2)
  3 entropy weavers (Spider:3)
  9 bunyips
  The ghost of unrecovered the Thaumaturge, a journeyman OpFE of Vehumet (Spider:1)
  3 spark wasps
  A deep elf death mage (Elf:2)
  2 fire dragons (Depths:2)
  3 ettins
  2 deep elf high priests (Elf:1)
  3 great orbs of eyes
  A shambling mangrove (Swamp:4)
  24 hydras
  2 ice dragons
  8 yaktaur captains
  Erolcha (D:9)
  A ghost crab (Swamp:2)
  2 catoblepae
  9 boulder beetles
  2 radroaches
  12 vault guards
  3 spriggan air magi (Depths:1)
  3 ironbound frosthearts
  A caustic shrike simulacrum (IceCv)
  10 centaur warriors
  2 death knights (Vaults:2)
  A jorogumo (Spider:3)
  3 two-headed ogres
  10 alligators
  4 death yaks
  3 deep troll shamans (Depths:1)
  3 thrashing horrors (Lair:5)
  33 dancing weapons
  3 deep troll earth magi
  5 tengu warriors
  3 spriggan berserkers (Depths:1)
  2 orc high priests
  14 hell knights
  4 skeletal warriors (D:15)
  Sonja (D:10)
  14 deep elf knights
  A titan skeleton (Vaults:4)
  A shadow wraith (Vaults:2)
  5 pharaoh ants
  A sun moth (Spider:1)
  46 deep trolls
  3 glowing orange brains
  2 goliath frogs
  6 iron trolls
  A sea snake (shapeshifter) (Vaults:3)
  12 orb spiders
  8 bog bodies
  An obsidian statue (IceCv)
  13 swamp dragons
  4 steelbarb worms
  Pikel (D:4)
  A spriggan simulacrum (IceCv)
  3 spriggan druids
  An orange crystal statue (Vaults:4)
  A phantasmal warrior (Vaults:3)
  6 deep elf archers
  13 ironbound convokers
  7 wizards
  19 deep elf zephyrmancers
  19 lindwurms
  22 deep elf pyromancers
  4 harpies (Vaults:1)
  7 necromancers
  4 orc knights (Vaults:1)
  27 wolf spiders
  A salamander (D:15)
  6 orc sorcerers
  2 large abominations (Lair:5)
  3 elephants (Lair:5)
  4 manticores
  5 cyclopes
  4 will-o-the-wisps
  46 ugly things
  3 moths of wrath
  3 black mambas
  A smoke demon (Lair:5)
  A gargoyle (D:10)
  An eye of devastation (Spider:3)
  13 human skeletons
  17 vault sentinels
  12 cane toads
  2 torpor snails
  A kobold demonologist (D:9)
  11 komodo dragons
  7 rime drakes
  A rime drake (shapeshifter) (Elf:2)
  23 yaktaurs
  5 demonic crawlers
  An unseen horror (D:12)
  A human zombie (Vaults:4)
  3 ice devils (IceCv)
  13 freezing wraiths
  An anaconda simulacrum (IceCv)
  A golden dragon simulacrum (IceCv)
  2 tengu conjurers (Depths:1)
  A yaktaur skeleton (Vaults:1)
  9 tyrant leeches
  A polar bear (Lair:1)
  4 ancient zymes
  A wind drake (shapeshifter) (D:14)
  3 meliai (Spider:2)
  A meliai (shapeshifter) (Lair:5)
  9 hornets
  A snapping turtle (Spider:2)
  6 trolls
  A hornet (shapeshifter) (Elf:2)
  23 slime creatures
  2 tarantellas (shapeshifter)
  A slime creature (shapeshifter) (D:13)
  27 tarantellas
  32 blink frogs
  34 jumping spiders
  6 air elementals
  19 culicivoras
  A shadow (D:12)
  6 spriggans
  A ynoxinul (Lair:5)
  4 wraiths
  2 hogs (Spider:1)
  5 wyverns
  An ettin skeleton (Vaults:4)
  7 water elementals
  58 yaks
  5 dire elephant simulacra (IceCv)
  10 small abominations (Lair:5)
  7 fire elementals
  11 basilisks
  2 vampire mosquitoes (D:13)
  8 humans (D:13)
  2 minotaur simulacra (IceCv)
  66 redbacks
  3 chaos spawn (Lair:5)
  A steam dragon (D:9)
  7 harpy simulacra (IceCv)
  5 wargs
  16 swamp worms
  A glowing shapeshifter zombie (Vaults:1)
  5 hell hounds (Orc:2)
  3 acid dragons
  13 water moccasins
  Duvessa (D:5)
  4 hydra simulacra (IceCv)
  2 ettin simulacra (IceCv)
  An ice beast (D:7)
  13 orc warriors
  5 swamp drakes
  3 alligator simulacra (IceCv)
  3 sky beasts
  A boggart (Vaults:1)
  8 ogres
  12 centaurs
  26 wolves
  4 lemures
  2 phantoms
  16 kobold brigands
  9 bullfrogs
  A gnoll sergeant (D:13)
  4 necrophages
  4 earth elementals (Elf:1)
  5 scorpions
  15 wights
  Dowan (D:5)
  2 lindwurm simulacra (IceCv)
  2 human simulacra (Vaults:1)
  7 killer bees (D:10)
  4 electric eels
  3 howler monkeys (D:7)
  8 hounds
  Crazy Yiuf (D:7)
  14 orc priests
  2 gnoll boudas
  A jelly (D:4)
  3 iguanas
  23 orc wizards
  9 adders
  15 gnolls
  A shadow imp (D:7)
  2 white imps
  2 ufetubi (D:4)
  4 worms
  2 dart slugs
  39 orcs
  17 ball pythons
  11 endoplasms
  11 giant cockroaches
  7 goblins
  6 hobgoblins
  28 kobolds
  14 quokkas
  3 bats
  10 frilled lizards
  8 rats
1612 creatures vanquished.

Vanquished Creatures (collateral kills)
  An ironbound preserver (Vaults:2)
  A deep troll earth mage (Depths:1)
  3 deep trolls (Vaults:2)
  2 orc warriors (Orc:2)
  4 orc priests (Orc:2)
  2 orc wizards (Orc:2)
  2 orcs (Orc:2)
15 creatures vanquished.

Vanquished Creatures (others)
  A deep elf knight (Elf:1)
  2 bloated husks
  3 humans
  An orc priest (Vaults:2)
  3 orcs (Vaults:2)
  2 demonic plants (Abyss:3)
  2 foxfires (Swamp:2)
  32 fungi
  49 plants
95 creatures vanquished.

Grand Total: 1722 creatures vanquished

Notes
Turn   | Place    | Note
-------+----------+-------------------------------------------
     0 | D:1      | Flure the Kobold Brigand began the quest for the Orb.
     0 | D:1      | Reached XP level 1. HP: 12/12 MP: 1/1
    94 | D:1      | Reached XP level 2. HP: 5/18 MP: 2/2
   790 | D:1      | Reached XP level 3. HP: 22/22 MP: 3/3
   849 | D:2      | You fall into a shaft and drop 2 floors!
  1178 | D:4      | Found a glowing drain.
  1186 | Sewer    | Entered a sewer
  1275 | Sewer    | Reached XP level 4. HP: 27/27 MP: 4/4
  1849 | Sewer    | Reached skill level 6 in Stealth
  2201 | Sewer    | Reached XP level 5. HP: 26/32 MP: 5/5
  2390 | Sewer    | Noticed a bullfrog
  2400 | Sewer    | Killed a bullfrog
  2577 | D:3      | Reached XP level 6. HP: 30/37 MP: 6/6
  4056 | D:4      | Reached skill level 5 in Short Blades
  4154 | D:4      | Found a staircase to the Ecumenical Temple.
  4243 | Temple   | Entered the Ecumenical Temple
  4254 | Temple   | Became a worshipper of Dithmenos the Shadowed
  4490 | D:4      | Reached XP level 7. HP: 42/42 MP: 7/7
  4664 | D:4      | Reached skill level 7 in Stealth
  4897 | D:5      | Entered Level 5 of the Dungeon
  4933 | D:5      | Noticed Pikel
  4933 | D:5      | Noticed Duvessa
  4967 | D:5      | HP: 1/43 [lemure[Pikel] (8)]
  5205 | D:5      | Killed Duvessa
  5226 | D:5      | Noticed Dowan
  5234 | D:5      | Killed Dowan
  5334 | D:5      | Reached XP level 8. HP: 42/48 MP: 8/8
  6037 | D:4      | Killed Pikel
  6038 | D:4      | Reached skill level 5 in Fighting
  6038 | D:4      | Reached skill level 5 in Dodging
  6038 | D:4      | Reached skill level 8 in Stealth
  6287 | D:5      | Reached XP level 9. HP: 54/54 MP: 9/9
  6649 | D:5      | Reached * piety under Dithmenos
  6887 | D:5      | Reached skill level 9 in Stealth
  7524 | D:6      | Reached skill level 10 in Short Blades
  8259 | D:6      | Found Guxelum's Armour Boutique.
  8597 | D:7      | Learned a level 2 spell: Passwall
  8641 | D:7      | Reached skill level 1 in Spellcasting
  8641 | D:7      | Reached skill level 1 in Transmutations
  8641 | D:7      | Reached skill level 1 in Earth Magic
  8661 | D:7      | Reached XP level 10. HP: 37/61 MP: 11/11
  8825 | D:7      | Found a runed translucent door.
  8828 | D:7      | Noticed Crazy Yiuf
  8904 | D:7      | Noticed a two-headed ogre
  8910 | D:7      | Reached skill level 10 in Stealth
  8911 | D:7      | Killed a two-headed ogre
  9118 | D:7      | Reached ** piety under Dithmenos
  9687 | D:7      | Killed Crazy Yiuf
  9877 | D:8      | Noticed Gastronok
  9905 | D:8      | Killed Gastronok
  9906 | D:8      | Reached skill level 11 in Stealth
 10203 | D:8      | Identified the +1 pair of gloves "Tupauss" {rPois Int+5}
 10284 | D:8      | Reached XP level 11. HP: 68/68 MP: 15/15
 10481 | D:8      | Found a bloodstained altar of Trog.
 10811 | D:8      | Found a snail-covered altar of Cheibriados.
 10873 | D:9      | Reached *** piety under Dithmenos
 11060 | D:9      | Noticed a sixfirhy
 11185 | D:9      | Noticed Erolcha
 11200 | D:9      | Killed Erolcha
 11201 | D:9      | Reached skill level 12 in Stealth
 11265 | D:9      | Found a staircase to the Orcish Mines.
 11670 | D:9      | Reached **** piety under Dithmenos
 11699 | D:9      | Found a staircase to the Lair.
 11840 | D:10     | Entered Level 10 of the Dungeon
 11861 | D:10     | Reached skill level 1 in Invocations
 11861 | D:10     | Reached skill level 1 in Evocations
 11997 | D:10     | Reached skill level 13 in Stealth
 12017 | D:10     | Reached skill level 10 in Dodging
 12252 | D:10     | Noticed Sonja
 12293 | D:10     | Killed Sonja
 12294 | D:10     | Reached XP level 12. HP: 76/76 MP: 12/16
 12402 | D:10     | Found a stormy altar of Qazlal.
 12443 | D:10     | Found an ornate altar of the Wu Jian Council.
 12611 | D:10     | Noticed a centaur warrior
 12613 | D:10     | Killed a centaur warrior
 12785 | D:10     | Found a portal to a secret trove of treasure.
 12830 | D:10     | Found a hide-covered altar of Uskayaw.
 12866 | D:11     | Noticed a boulder beetle
 12883 | D:10     | Killed a boulder beetle
 12980 | D:11     | Reached skill level 10 in Fighting
 13072 | D:11     | Reached ***** piety under Dithmenos
 13586 | D:11     | Reached skill level 14 in Stealth
 13664 | D:11     | Noticed a two-headed ogre
 13683 | D:11     | Killed a two-headed ogre
 13684 | D:11     | Reached skill level 5 in Evocations
 13976 | D:12     | Reached skill level 5 in Invocations
 14063 | D:12     | Reached XP level 13. HP: 83/83 MP: 17/17
 14409 | D:12     | Got the Directory of the Vapourous Summer
 14912 | D:13     | Noticed an eight-headed hydra
 14918 | D:13     | Killed an eight-headed hydra
 14966 | D:13     | Noticed a centaur warrior
 14978 | D:13     | Killed a centaur warrior
 15137 | D:13     | Reached skill level 15 in Stealth
 15286 | D:13     | Noticed a centaur warrior
 15290 | D:13     | Killed a centaur warrior
 15613 | D:13     | Noticed a vault guard
 15636 | D:13     | Killed a vault guard
 15660 | D:13     | Noticed a vault guard
 15811 | D:13     | Killed a vault guard
 15853 | D:13     | Noticed a vault guard
 15903 | D:13     | Killed a vault guard
 15940 | D:13     | Found a gate to the Vaults.
 16493 | Lair:1   | Entered Level 1 of the Lair of Beasts
 16582 | Lair:1   | Noticed a catoblepas
 16662 | Lair:1   | Killed a catoblepas
 16936 | Lair:1   | Reached XP level 14. HP: 91/91 MP: 19/19
 16939 | Lair:1   | Identified the +5 battleaxe "Gochus" {pain, Fly Str+9
                  | Dex-5}
 17568 | Lair:2   | Identified the +9 plate armour of the Ecumenical Temple
                  | {Drain +Blink rPois}
 17594 | Lair:2   | Reached skill level 16 in Stealth
 18062 | Lair:2   | Found a staircase to the Swamp.
 18192 | Lair:2   | You fall into a shaft and drop 1 floor!
 18438 | Lair:3   | Found a hole to the Spider Nest.
 19467 | Lair:4   | Reached skill level 17 in Stealth
 19640 | Lair:4   | Reached skill level 10 in Evocations
 20191 | Lair:4   | Found a staircase to the Slime Pits.
 20342 | Lair:5   | Entered Level 5 of the Lair of Beasts
 20579 | Lair:5   | Reached ****** piety under Dithmenos
 20614 | Lair:5   | Reached XP level 15. HP: 71/98 MP: 20/20
 21000 | Lair:5   | Noticed Rupert
 21005 | Lair:5   | Killed Rupert
 21566 | Lair:5   | Reached skill level 18 in Stealth
 21876 | Lair:5   | Found a corrupted altar of Lugonu.
 22171 | Lair:5   | Found a one-way gate to the infinite horrors of the Abyss.
 22367 | Lair:5   | Reached skill level 15 in Dodging
 22374 | Lair:5   | Identified the +9 trident "Ophus" {vorpal, Fragile rF+ MP+9
                  | Dex+5}
 22621 | Orc:1    | Entered Level 1 of the Orcish Mines
 22940 | Orc:1    | Identified the ring "Ulliacw" {Ice *Corrode rN+ Int+4}
 23153 | Orc:2    | Entered Level 2 of the Orcish Mines
 23166 | Orc:2    | Found a staircase to the Elven Halls.
 23424 | Orc:2    | Noticed Azrael
 23427 | Orc:2    | Killed Azrael
 23607 | Orc:2    | Found Jediudyu's Book Shop.
 23610 | Orc:2    | Found Uwat's General Store.
 23616 | Orc:2    | Found Uwnybat's Weapon Boutique.
 23621 | Orc:2    | Found Xucaxueska's Assorted Antiques.
 23966 | Orc:2    | Bought a scroll of summoning for 142 gold pieces
 23966 | Orc:2    | Bought a potion of experience for 750 gold pieces
 23969 | Orc:2    | Reached skill level 19 in Stealth
 23969 | Orc:2    | Reached XP level 16. HP: 107/107 MP: 21/21
 23970 | Orc:2    | Reached XP level 17. HP: 112/112 MP: 22/22
 24026 | Elf:1    | Entered Level 1 of the Elven Halls
 24026 | Elf:1    | Found a runed translucent gate.
 24026 | Elf:1    | Found a runed translucent gate.
 24026 | Elf:1    | Found a runed translucent gate.
 24026 | Elf:1    | Found a runed translucent gate.
 24026 | Elf:1    | Found a runed translucent gate.
 24026 | Elf:1    | Found a runed translucent gate.
 24040 | Orc:2    | Reached XP level 18. HP: 97/118 MP: 23/23
 24098 | Abyss:3  | Cast into level 3 of the Abyss (a deep elf sorcerer)
 24211 | Abyss:3  | Found a corrupted altar of Lugonu.
 24279 | Elf:1    | Escaped the Abyss
 24288 | Elf:1    | Found a runed translucent door.
 24335 | Elf:1    | Found a runed translucent door.
 24366 | Elf:1    | Reached skill level 5 in Transmutations
 24383 | Elf:1    | Reached skill level 5 in Earth Magic
 24389 | Elf:1    | Reached skill level 15 in Fighting
 25067 | Elf:1    | Paralysed by an air elemental for 1 turns
 25073 | Elf:1    | Paralysed by an air elemental for 1 turns
 25218 | Elf:1    | Reached skill level 20 in Stealth
 25233 | Elf:1    | Paralysed by an air elemental for 1 turns
 25237 | Elf:1    | Paralysed by an air elemental for 1 turns
 25240 | Elf:1    | Paralysed by an air elemental for 1 turns
 25535 | Elf:2    | Found a runed translucent gate.
 25535 | Elf:2    | Found a runed translucent gate.
 25535 | Elf:2    | Found a runed translucent gate.
 25880 | Elf:2    | Noticed Asterion
 26265 | Elf:2    | Reached skill level 21 in Stealth
 26265 | Elf:2    | Reached XP level 19. HP: 123/124 MP: 24/24
 26479 | Elf:1    | Paralysed by an air elemental for 1 turns
 26492 | Elf:1    | Paralysed by an air elemental for 1 turns
 26499 | Elf:1    | Reached skill level 15 in Evocations
 26669 | Elf:1    | Reached skill level 1 in Shields
 26830 | Elf:1    | Found Reugueg's Distillery.
 26851 | Elf:1    | Bought a potion of flight for 45 gold pieces
 26851 | Elf:1    | Bought a potion of attraction for 45 gold pieces
 26851 | Elf:1    | Bought a potion of magic for 120 gold pieces
 26956 | Elf:1    | Identified the +7 ice dragon scales of the Hunter {rElec
                  | rF- rC++ Str+3}
 26980 | Elf:1    | Found a runed translucent gate.
 26980 | Elf:1    | Found a runed translucent gate.
 26980 | Elf:1    | Found a runed translucent gate.
 26980 | Elf:1    | Found a runed translucent gate.
 27024 | Elf:1    | Found a runed translucent gate.
 27039 | Elf:1    | Found a runed translucent gate.
 27330 | Elf:2    | Noticed a deep elf blademaster
 27341 | Elf:2    | Killed a deep elf blademaster
 27567 | Elf:2    | Killed Asterion
 28120 | D:14     | Found a bloodstained altar of Trog.
 28208 | D:14     | Found a frozen archway.
 28220 | IceCv    | Entered an ice cave
 28452 | IceCv    | Noticed a lich
 28463 | IceCv    | Killed a lich
 28795 | IceCv    | Found an ancient bone altar of Kikubaaqudgha.
 29166 | D:14     | Noticed Frances
 29168 | D:14     | Killed Frances
 29882 | D:15     | Entered Level 15 of the Dungeon
 30177 | D:15     | Reached skill level 5 in Shields
 30252 | D:15     | Found a staircase to the Depths.
 30563 | D:15     | Reached XP level 20. HP: 86/134 MP: 25/25
 31013 | Spider:1 | Entered Level 1 of the Spider Nest
 31358 | Spider:1 | Reached skill level 22 in Stealth
 31758 | Spider:1 | Found a transporter.
 31814 | Spider:1 | Noticed Kirke
 31831 | Spider:1 | HP: 4/134 [redback (17)]
 31988 | Swamp:1  | Entered Level 1 of the Swamp
 32771 | Swamp:2  | Noticed Aizul
 32774 | Swamp:2  | Killed Aizul
 34183 | Swamp:4  | Entered Level 4 of the Swamp
 34290 | Swamp:4  | Reached skill level 23 in Stealth
 34306 | Swamp:4  | HP: 5/125 [spriggan druid/stone arrow (35)]
 35060 | Swamp:4  | Got a decaying rune of Zot
 35424 | Spider:1 | Reached XP level 21. HP: 136/141 MP: 26/26
 35451 | Spider:1 | Identified the +1 robe "Suuxamuv" {rF+ rC+}
 35708 | Spider:1 | Found a transporter.
 35710 | Spider:1 | Noticed unrecovered's ghost (journeyman OpFE)
 35743 | Spider:1 | Found a transporter.
 35789 | Spider:1 | Noticed Donald
 35812 | Spider:1 | Killed Donald
 35850 | Spider:1 | Killed Kirke
 35930 | Spider:1 | Found a transporter.
 36358 | Spider:1 | Killed unrecovered's ghost
 36417 | Spider:1 | Identified the +2 hat "Faczeuth" {SInv Stlth+}
 37480 | Spider:3 | Reached skill level 24 in Stealth
 37754 | Spider:3 | Reached skill level 5 in Spellcasting
 38008 | Spider:3 | Noticed Nikola
 38011 | Spider:3 | Killed Nikola
 38215 | Spider:3 | Identified the +5 whip of Theory {vorpal, Will+}
 38293 | Spider:3 | Reached skill level 25 in Stealth
 38459 | Spider:3 | Identified the +5 scale mail of the Comet {-Cast rPois
                  | rN+++ Stlth+}
 38615 | Spider:4 | Entered Level 4 of the Spider Nest
 39329 | Spider:4 | Reached XP level 22. HP: 107/150 MP: 1/29
 39365 | Spider:4 | Got a gossamer rune of Zot
 39538 | Spider:4 | Reached skill level 26 in Stealth
 40363 | Vaults:1 | Entered Level 1 of the Vaults
 42459 | Vaults:2 | Noticed Zenata
 42463 | Vaults:2 | Killed Zenata
 42673 | Vaults:2 | Reached skill level 27 in Stealth
 42954 | Vaults:2 | Noticed Saint Roka
 43025 | Vaults:2 | Killed Saint Roka
 43031 | Vaults:2 | Reached XP level 23. HP: 75/148 MP: 30/30
 43216 | Vaults:2 | Found a staircase to the Crypt.
 45524 | Vaults:4 | Reached skill level 10 in Earth Magic
 46091 | Vaults:4 | Identified the +6 halberd of the Onslaught {flame, rC+
                  | rCorr MP+9}
 47121 | Depths:1 | Entered Level 1 of the Depths
 47134 | Depths:1 | Reached XP level 24. HP: 168/168 MP: 30/30
 47857 | Depths:1 | Found a white marble altar of Elyvilon.
 47941 | Depths:1 | Noticed a golden dragon
 47973 | Depths:1 | Killed a golden dragon
 48022 | Depths:1 | Identified the +9 executioner's axe of Joprushu {flame,
                  | rElec rPois rC+ Str+6}
 48022 | Depths:1 | Identified the ring "Ciuneoc" {rC+ rN+ Str+4 Stlth+}
 48954 | Depths:1 | Found a gateway to Hell.
 48958 | Depths:1 | Noticed a juggernaut
 49015 | Depths:1 | Killed a juggernaut
 49346 | Depths:1 | Noticed a caustic shrike
 49348 | Depths:1 | Killed a caustic shrike
 50351 | Depths:2 | Found a one-way gate leading to the halls of Pandemonium.
 50360 | Depths:2 | Noticed Grunn
 50360 | Depths:2 | Found a one-way gateway to a ziggurat.
 50367 | Depths:2 | Killed Grunn
 50504 | Depths:2 | HP: 7/166 [hell knight/+3 battleaxe of distortion (6)]
 50748 | Depths:1 | Paralysed by a sphinx for 3 turns
 50787 | Depths:1 | Paralysed by a sphinx for 4 turns
 51297 | Depths:2 | Noticed Vv
 51625 | Depths:2 | HP: 5/256 [Vv (31)]
 51625 | Depths:2 | Slain by Vv

Illustrated notes

Levels and vault maps discovered:
D:1:      minmay_arrival_jagged, layout_rooms, minmay_tetromino_s4
D:2:      layout_loops_ring
D:3:      layout_rooms
D:4:      layout_gridville, minmay_temple_entry_antechambers,
          gup_sewer_entry_bubbles, chequers_serial_rivers_micro_c
D:5:      layout_basic, uniq_duvessa, uniq_pikel
D:6:      layout_gridville, serial_shops, shop, serial_glass, glass_columns_b,
          glass_columns_b, glass_columns_c, glass_columns_a
D:7:      minmay_recursive_quarters, layout_rooms, serial_glass,
          glass_columns_a, glass_columns_a, roderic_serpentine_path,
          uniq_crazy_yiuf_cottage
D:8:      layout_basic, mainiacjoe_overflow_cross_hatched,
          kennysheep_slug_shrine, nicolae_figureground_sparkle, uniq_gastronok
D:9:      layout_basic, erik_lair_island, orc_0_dummy, special_room
          [special_room_kobold], uniq_erolcha
D:10:     layout_roguey, mainiacjoe_overflow_divided_tiny,
          mainiacjoe_overflow_chevrons, nicolae_trove_entry_diagonal,
          kennysheep_generic_room_16, uniq_sonja
D:11:     minmay_weird_star, layout_loops_ring
D:12:     layout_cave_pods, chequers_serial_rivers_room_a,
          minmay_fractal_squares_gapless_5
D:13:     layout_basic, ximxim_vaults_locker_room
D:14:     layout_basic, bloody_trog, portal_ice_cave_entry_horrid_things,
          hangedman_abyss_or_decor_clamps, uniq_frances
D:15:     hangedman_depths_entry_try_elsewhere_first, layout_long_grid,
          minmay_misc_feat_rugged
Temple:   sentei_temple_godly_chess
Lair:1:   layout_long_grid, serial_bayou_shore_a
Lair:2:   layout_loops_ring, swamp_mist
Lair:3:   layout_regular_city, spider_nest_entry_webs
Lair:4:   layout_cave_pods, dpeg_slime_entry_corner
Lair:5:   hellmonk_lair_end_abyssal_woods, layout_misc_corridors,
          lemuel_fruit_tree, uniq_rupert
Swamp:1:  layout_basic_swamp, serial_swamp_ruin, evilmike_swamp_ruin_house_5,
          hangedman_swamp_ruin_wall, infiniplex_staircase_pool_2
Swamp:2:  layout_falls_marsh, hangedman_swamp_ruin_hall, uniq_aizul
Swamp:3:  layout_falls_marsh, nicolae_swamp_very_dense_foliage
Swamp:4:  swamp_alternative, layout_basic_swamp
Spider:1: gammafunk_sealed_arena, gammafunk_ghost_berserking_beasts,
          hellmonk_motheaten_closet, uniq_donald, uniq_kirke
Spider:2: layout_spider_delve, drop_trap
Spider:3: layout_spider_delve, hangedman_stitches_earthworm, uniq_nikola
Spider:4: grunt_spider_rune_parallel
Orc:1:    layout_diamond_mine, nooodl_orcs_dogs
Orc:2:    st_orc_mages, layout_caves, special_room, uniq_azrael
Elf:1:    nicolae_elf_arrival_dilemma, layout_gridlike, serial_shops, shop,
          orc_legates, wad_floor_pattern_1
Elf:2:    elven_hall_of_blades_hangedman_original [grunt_blade_entry_basic],
          layout_loops_cross, nrook_loot_triangle, uniq_asterion
Vaults:1: vaults_dpeg_spiral, hangedman_vaults_stream, serial_ice_m, v_misc_4,
          ontoclasm_vaults_tryst, hangedman_vaults_river_flow,
          vaults_room_corners, v_pattern_5, v_misc_16, v_rooms_5,
          v_alt_pattern_3, nicolae_vaults_little_squares_1,
          nicolae_vaults_shelves_hall, vaults_room_pool,
          ontoclasm_vaults_gateway, layout_vaults_ring
Vaults:2: hangedman_vaults_nodes, ontoclasm_vaults_fault,
          blue_anna_dwarven_crypt, v_misc_19, nicolae_vaults_three_branches,
          vaults_room_boxed, nicolae_vaults_windows_and_doors_thing,
          vaults_mumra_hexcomb, nicolae_vaults_twisting_passages,
          hangedman_vaults_impose, layout_vaults_omnicross, uniq_zenata,
          uniq_saint_roka
Vaults:3: kb_rosetta, v_misc_9, vaults_room_corners,
          nicolae_vaults_mini_display_case, vaults_room_octagon, v_misc_33,
          nicolae_vaults_ring_of_whatevers, hangedman_vaults_slice,
          vaults_room_fours, vaults_room_grid, vaults_room_pool,
          nicolae_vaults_little_squares_4, layout_vaults_maze_snakey
Vaults:4: nicolae_vaults_little_ls, dpeg_vaults_monster_row,
          hangedman_vaults_snaps, nicolae_vaults_statue_guard, vaults_dpeg_ring,
          vaults_room_pool, nicolae_vaults_little_squares_6,
          ontoclasm_vaults_pinch, layout_vaults_quadrants
Depths:1: minmay_tile_spiral, layout_basic, pf_hell_entry_tar_river,
          elyvilon_altar_5
Depths:2: kennysheep_big_flooded_room, layout_basic, enter_ziggurat_c,
          nicolae_kikubaaqudgha_miasma_corner, pan_entry, hell_entry,
          hangedman_abyss_entry_splay, uniq_vv, uniq_grunn

Skill      XL: |  1  2  3  4  5  6  7  8  9 10 11 12 13 14 15 16 17 18 19 20 21 22 23 24 |
---------------+-------------------------------------------------------------------------+-----
Short Blades   | 3 4 5 6 8 10 12 14 | 14.0
Dodging        | 2 3 4 5 6 8 10 11 12 14 15 16 17 18 | 18.4
Fighting       | 3 4 5 6 7 9 10 11 13 14 16 17 18 19 20 21 23 | 23.2
Throwing       | 3 |  3.0
Stealth        | 6 7 8 9 11 13 14 15 17 19 21 23 25 27 | 27.0
Spellcasting   | 1 3 5 |  5.0
Transmutations | 1 3 4 5 6 |  6.0
Earth Magic    | 1 3 4 7 8 10 | 10.0
Invocations    | 2 5 7 |  7.0
Evocations     | 2 5 8 10 12 14 15 17 18 19 20 21 | 21.3
Shields        | 5 6 8 |  8.1

Action                   |  1- 3 |  4- 6 |  7- 9 | 10-12 | 13-15 | 16-18 | 19-21 | 22-24 || total
-------------------------+-------+-------+-------+-------+-------+-------+-------+-------++-------
Melee: Dagger            |    77 |   221 |   230 |   689 |  1114 |   296 |   114 |       ||  2741
       Punch             |     1 |     1 |     7 |     6 |    16 |     6 |     1 |       ||    38
       Short sword       |       |       |       |       |       |       |  1605 |   193 ||  1798
       Unarmed           |       |       |       |       |       |       |    12 |       ||    12
       Rapier            |       |       |       |       |       |       |       |  1335 ||  1335
Throw: Dart              |    13 |     6 |    20 |    15 |    48 |     7 |     3 |     4 ||   116
       Stone             |       |     3 |     2 |     4 |       |       |       |       ||     9
       Boomerang         |       |       |       |       |       |     5 |    45 |    11 ||    61
       Throwing net      |       |       |       |       |       |     1 |       |       ||     1
 Cast: Passwall          |       |       |       |     4 |    26 |    15 |    33 |     8 ||    86
Invok: Shadow Step       |       |       |       |       |     7 |     4 |     7 |    10 ||    28
 Abil: Evoke Invisibilit |       |       |       |       |       |     3 |     7 |     2 ||    12
Evoke: Wand              |       |       |       |     3 |     1 |     3 |    15 |     5 ||    27
       Box of beasts     |       |       |       |       |     1 |       |       |     2 ||     3
       Lightning rod     |       |       |       |       |       |       |       |     2 ||     2
  Use: Potion            |       |     2 |     2 |     2 |     1 |     3 |    17 |     5 ||    32
       Scroll            |       |     1 |     5 |    15 |     8 |     4 |    13 |    16 ||    62
 Stab: Sleeping          |    17 |    32 |    16 |    39 |   137 |    65 |   178 |   187 ||   671
       Distracted        |       |       |       |     1 |     3 |     6 |    20 |    26 ||    56
       Petrified         |       |       |       |       |     1 |       |       |       ||     1
       Invisible         |       |       |       |       |       |    11 |    44 |    11 ||    66
       Confused          |       |       |       |       |       |       |     1 |       ||     1
Armor: Robe              |    15 |    33 |     3 |       |       |       |       |       ||    51
       Skin              |       |     5 |     3 |       |       |       |       |       ||     8
       Leather armour    |       |       |    21 |    73 |   135 |    15 |   180 |   114 ||   538
Dodge: Dodged            |    36 |   145 |   132 |   475 |   793 |   154 |  1320 |  1090 ||  4145
Block: Buckler           |       |       |       |       |       |       |   522 |   540 ||  1062
